 Dungeon Crawl Stone Soup version 0.22-a0-866-geee50340df (console) character file.

10294 Lexodia the Grappler (level 11, -3/95 HPs)
             Began as a Ghoul Monk on July 28, 2018.
             Was a High Priest of Nemelex Xobeh.
             Slain by a komodo dragon (25 damage)
             ... on level 1 of the Lair of Beasts.
             The game lasted 00:26:17 (7757 turns).

Lexodia the Grappler (Ghoul Monk)                   Turns: 7757, Time: 00:26:17

Health: -3/95      AC: 15    Str: 19    XL:     11   Next: 59%
Magic:  16/16      EV: 10    Int:  5    God:    Nemelex Xobeh [*****.]
Gold:   519        SH:  0    Dex: 11    Spells: 10/10 levels left

rFire    . . .     SeeInvis .     - Unarmed
rCold    + . .     Gourm    .   (no shield)
rNeg     + + +     Faith    .   u - +4 chain mail
rPois    ∞         Spirit   .   n - +0 helmet
rElec    .         Reflect  .   e - scarf {cloud immunity}
rCorr    .         Harm     +   (no gloves)
MR       +....                  (no boots)
Stlth    ..........             m - amulet of harm
HPRegen  0.00/turn              w - ring of wizardry
MPRegen  0.15/turn              G - ring of protection from magic

@: rotting
A: rotting body, claws 1, carnivore, cold resistance 1, negative energy
resistance 3, inhibited regeneration, torment resistance, unbreathing
a: Triple Draw, Deal Four, Stack Five, Renounce Religion


You were on level 1 of the Lair of Beasts.
You worshipped Nemelex Xobeh.
Nemelex Xobeh was extremely pleased with you.
You were not hungry.

You visited 2 branches of the dungeon, and saw 11 of its levels.

You collected 519 gold pieces.

Inventory:

Armour
 a - a +0 robe
 d - a +2 ring mail of cold resistance
 e - a scarf of cloud immunity (worn)
 n - a +0 helmet (worn)
 s - a +1 pair of gloves
 t - the +0 leather armour of Activism {MR++}
   (You found it on level 9 of the Dungeon)

   It affects your resistance to hostile enchantments.
 u - a +4 chain mail (worn)
 D - a +0 cloak
Jewellery
 m - an amulet of harm (around neck)
 w - a ring of wizardry (left claw)
 x - an uncursed amulet of guardian spirit
 y - an uncursed amulet of rage
 G - a ring of protection from magic (right claw)
 O - the ring of Division {Fire *Corrode rPois Int+5 Dex+2}
   (You found it on level 1 of the Lair of Beasts)

   [ring of fire]

   It enhances your fire magic.
   It affects your intelligence (+5).
   It affects your dexterity (+2).
   It protects you from fire.
   It makes you vulnerable to cold.
   It protects you from poison.
   It may corrode you when you take damage.
Wands
 z - a wand of polymorph (22)
 A - a wand of disintegration (6)
 E - a wand of flame (32)
 H - a wand of iceblast (5)
 N - a wand of paralysis (16)
 P - a wand of digging (13)
Scrolls
 f - 7 scrolls of teleportation
 g - 4 scrolls of fog
 j - 5 scrolls of remove curse
 l - 2 scrolls of fear
 I - a scroll of magic mapping {unknown}
 L - a scroll of vulnerability {unknown}
Potions
 h - a potion of magic
 i - a potion of flight
 k - 3 potions of brilliance
 o - a potion of heal wounds
 p - a potion of agility
 q - a potion of resistance
 r - a potion of might
 B - a potion of curing
 F - a potion of invisibility {unknown}
 J - a potion of degeneration {unknown}
Miscellaneous
 c - an ornate deck of summoning {drawn: 3}
 v - a plain deck of destruction {drawn: 8}
 C - a plain deck of escape
 K - a plain deck of destruction
Comestibles
 b - 14 rations


   Skills:
 + Level 8.8 Fighting
 + Level 7.0 Armour
 + Level 5.6 Dodging
 - Level 2.1 Stealth
 * Level 11.8 Unarmed Combat
 + Level 9.1 Invocations


You had 10 spell levels left.
You didn't know any spells.
Your spell library contained the following spells:

 Spells                   Type           Power        Failure   Level  Hunger
 Confuse                  Hex            #.......     99%         3    ####...
 Tukima's Dance           Hex            #.......     99%         3    ####...
 Ensorcelled Hibernation  Hex/Ice        #.....       95%         2    ###....
 Corona                   Hex            #......      86%         1    ##.....
 Dazzling Spray           Conj/Hex       #.....       99%         3    ####...


Dungeon Overview and Level Annotations

Branches:
Dungeon (10/15)            Temple (0/1) D:6            Lair (1/6) D:9
    Orc: D:9-12

Altars:
Cheibriados
Elyvilon
Gozag
Hepliaklqana
Kikubaaqudgha
Nemelex Xobeh
Trog
Uskayaw
Xom
Yredelemnul
Zin

Shops:
D:4 %[}*


Innate Abilities, Weirdness & Mutations

Your body is rotting away.
You thrive on raw meat.
You are immune to poison.
You have sharp fingernails.
You are carnivorous and can eat meat at any time.
Your flesh is cold resistant. (rC+)
You are immune to negative energy. (rN+++)
You do not regenerate when monsters are visible.
You are immune to unholy pain and torment.
You can survive without breathing.


Message History

You scratch the komodo dragon.
The komodo dragon is lightly wounded.
The komodo dragon bites you.
Damage: -2%(-2hp) hp: 37%(35hp)
You claw the komodo dragon!
The komodo dragon is moderately wounded.
You scratch the komodo dragon but do no damage.
The komodo dragon is moderately wounded.
The komodo dragon bites you!
* * * LOW HITPOINT WARNING * * *
Huge Dmg: -13%(-13hp) hp: 24%(22hp) Evoke which item? (* to show all) (? for menu, Esc to quit)
Aiming: Disintegrate
Press: ? - help, Shift-Dir - straight line, f - komodo dragon
Aim: a komodo dragon (moderately wounded, chance to defeat MR: 48%)
The komodo dragon resists with some effort.
The komodo dragon hisses menacingly.
The komodo dragon bites you!!
You die...
Your body glows slightly and disappears.

.# ###...#..# #............
.######....##P..######.......####
...÷.....### ##..#......######
####...### #.#...##### ##....#
##..### ##..#### ###...## ...##
#P.....### .### ##.......### .#
#...@......# ## #...l.......#
#............. #.............
#.............. ####..........
.#......... #####......#


You could see a komodo dragon.

Vanquished Creatures
  The ghost of nawrastar the Martial Artist, a journeyman GnTm of Okawaru (Lair:1)
  The ghost of ysobel the Twirler, a novice MfGl of Wu Jian (D:7)
  A manticore (D:9)
  A black mamba (Lair:1)
  A rime drake (Lair:1)
  A troll (D:9)
  A hippogriff (D:9)
  11 yaks
  Grum (D:8)
  3 wargs (D:9)
  A naga (D:8)
  A porcupine (Lair:1)
  2 sky beasts (D:9)
  2 black bears
  2 ice beasts
  2 orc warriors
  2 phantoms (D:4)
  6 ogres
  A boggart (Lair:1)
  2 centaurs
  5 bullfrogs
  2 scorpions
  A wyvern skeleton (D:7)
  A killer bee (D:8)
  4 wights (D:7)
  5 howler monkeys
  2 bullfrog zombies
  4 crimson imps
  A centaur zombie (D:6)
  A quasit (D:8)
  A hound (D:4)
  3 jellies
  2 orc priests
  A centaur skeleton (D:6)
  2 bullfrog skeletons
  13 orc wizards
  10 worker ants
  3 iguanas
  2 bullfrog simulacra (Lair:1)
  A worker ant zombie (D:6)
  3 gnolls (D:8)
  11 adders
  A crocodile simulacrum (Lair:1)
  3 oozes
  4 worms
  2 dart slugs
  6 leopard geckos
  29 orcs
  7 bats
  3 giant cockroaches
  7 goblins
  12 hobgoblins
  6 jackals
  12 kobolds
  4 quokkas
  7 frilled lizards
  A jackal skeleton (D:6)
  A quokka skeleton (D:4)
  10 rats
236 creatures vanquished.

Vanquished Creatures (collateral kills)
  A great orb of eyes (Lair:1)
  3 rime drakes (Lair:1)
  An ogre (D:7)
  A black mamba simulacrum (Lair:1)
  2 wolves (D:8)
  2 big kobolds
  A spiny frog simulacrum (Lair:1)
  2 killer bees (D:8)
  A howler monkey (D:8)
  An orc wizard (D:7)
  2 porcupine simulacra (Lair:1)
  An orc (D:7)
18 creatures vanquished.

Vanquished Creatures (others)
  A yak (D:9)
  Eustachio (D:6)
  2 centaurs (D:6)
  A worker ant (D:9)
  A ball lightning (D:6)
  2 orcs
  A bush (Lair:1)
9 creatures vanquished.

Grand Total: 263 creatures vanquished

Notes
Turn   | Place    | Note
-------+----------+-------------------------------------------
     0 | D:1      | Lexodia the Ghoul Monk began the quest for the Orb.
     0 | D:1      | Reached XP level 1. HP: 19/19 MP: 0/0
   233 | D:1      | Reached XP level 2. HP: 25/26 MP: 1/1
   532 | D:1      | Reached XP level 3. HP: 25/33 MP: 2/2
   636 | D:2      | Huge Dmg: 7 dmg
   641 | D:2      | Reached skill level 4 in Unarmed Combat
   643 | D:2      | Huge Dmg: 3 dmg
   847 | D:2      | Reached XP level 4. HP: 34/40 MP: 3/3
  1244 | D:2      | Found a sparkling altar of Nemelex Xobeh.
  1250 | D:2      | Became a worshipper of Nemelex Xobeh the Trickster
  1250 | D:2      | Received a gift from Nemelex Xobeh
  1250 | D:2      | Reached * piety under Nemelex Xobeh
  1250 | D:2      | Received a gift from Nemelex Xobeh
  1250 | D:2      | Reached ** piety under Nemelex Xobeh
  1423 | D:3      | Reached skill level 5 in Unarmed Combat
  1450 | D:3      | Reached skill level 1 in Invocations
  1450 | D:3      | Reached XP level 5. HP: 46/46 MP: 3/5
  1534 | D:3      | Huge Dmg: 8 dmg
  1535 | D:3      | Huge Dmg: 5 dmg
  1541 | D:3      | Huge Dmg: 9 dmg
  1651 | D:3      | Reached XP level 6. HP: 35/52 MP: 5/7
  1662 | D:3      | Found an opulent altar of Gozag.
  1774 | D:3      | Reached skill level 6 in Unarmed Combat
  1787 | D:3      | Huge Dmg: 7 dmg
  2069 | D:4      | Noticed a phantom
  2091 | D:4      | Killed a phantom
  2091 | D:4      | Reached skill level 1 in Armour
  2155 | D:4      | Found Loescheho's Gadget Boutique.
  2167 | D:4      | Found Xoxois's General Store.
  2206 | D:4      | Found Qeoruipp's Armour Shop.
  2348 | D:4      | Found Udekleh's Food Emporium.
  2359 | D:4      | Reached XP level 7. HP: 55/59 MP: 8/8
  2396 | D:5      | Entered Level 5 of the Dungeon
  2643 | D:4      | Received a gift from Nemelex Xobeh
  2660 | D:4      | Reached skill level 7 in Unarmed Combat
  2796 | D:5      | Reached XP level 8. HP: 60/67 MP: 10/10
  2809 | D:5      | Reached *** piety under Nemelex Xobeh
  2813 | D:5      | Reached skill level 5 in Invocations
  2936 | D:5      | Found a shimmering altar of Xom.
  2937 | D:5      | Found a hazy altar of Hepliaklqana.
  2937 | D:5      | Noticed a death ooze
  2938 | D:5      | Noticed a spectral ugly thing
  2938 | D:5      | Noticed a death ooze
  2996 | D:5      | Found a white marble altar of Elyvilon.
  3286 | D:5      | Received a gift from Nemelex Xobeh
  3523 | D:6      | Reached skill level 5 in Fighting
  3577 | D:6      | Noticed Eustachio
  3593 | D:6      | Killed Eustachio
  3593 | D:6      | Reached skill level 8 in Unarmed Combat
  3594 | D:6      | Huge Dmg: 28 dmg
  3601 | D:6      | Reached XP level 9. HP: 36/75 MP: 12/12
  4126 | D:6      | Found a staircase to the Ecumenical Temple.
  4206 | D:7      | Found a basalt altar of Yredelemnul.
  4206 | D:7      | Found a hide-covered altar of Uskayaw.
  4230 | D:7      | Found a bloodstained altar of Trog.
  4279 | D:7      | Found a large runed door.
  4293 | D:7      | Huge Dmg: 18 dmg
  4450 | D:7      | Found a glowing silver altar of Zin.
  4451 | D:7      | Found an opulent altar of Gozag.
  4511 | D:7      | Reached **** piety under Nemelex Xobeh
  4513 | D:7      | Received a gift from Nemelex Xobeh
  4561 | D:7      | Found a large runed door.
  4563 | D:7      | Noticed ysobel's ghost (novice MfGl)
  4602 | D:7      | Huge Dmg: 17 dmg
  4606 | D:7      | Reached skill level 5 in Armour
  4782 | D:7      | Reached skill level 9 in Unarmed Combat
  4968 | D:7      | Killed ysobel's ghost
  5034 | D:8      | Reached XP level 10. HP: 68/86 MP: 14/14
  5132 | D:8      | Found a snail-covered altar of Cheibriados.
  5261 | D:8      | Found an ancient bone altar of Kikubaaqudgha.
  5309 | D:8      | Noticed Grum
  5325 | D:8      | Killed Grum
  5836 | D:9      | Reached skill level 10 in Unarmed Combat
  5863 | D:10     | Entered Level 10 of the Dungeon
  6048 | D:9      | Received a gift from Nemelex Xobeh
  6162 | D:9      | Huge Dmg: 14 dmg
  6171 | D:9      | Huge Dmg: 9 dmg
  6185 | D:9      | Huge Dmg: 10 dmg
  6192 | D:9      | Huge Dmg: 8 dmg
  6197 | D:9      | Huge Dmg: 21 dmg
  6199 | D:9      | Huge Dmg: 9 dmg
  6463 | D:9      | Found a staircase to the Lair.
  6471 | D:9      | Got a faintly humming leather armour
  6482 | D:9      | Identified the cursed +0 leather armour of Activism {MR++} (You found it on level 9 of the Dungeon)
  6581 | D:9      | Huge Dmg: 14 dmg
  6601 | D:9      | Reached XP level 11. HP: 46/94 MP: 16/16
  6644 | D:9      | Found a basalt altar of Yredelemnul.
  6697 | D:9      | Noticed a manticore
  6701 | D:9      | Huge Dmg: 16 dmg
  6706 | D:9      | Killed a manticore
  6706 | D:9      | Reached skill level 5 in Dodging
  6706 | D:9      | Reached skill level 11 in Unarmed Combat
  7295 | Lair:1   | Entered Level 1 of the Lair of Beasts
  7301 | Lair:1   | Noticed a four-headed hydra
  7304 | Lair:1   | Noticed a great orb of eyes
  7304 | Lair:1   | a four-headed hydra changed into a great orb of eyes
  7311 | Lair:1   | Killed a great orb of eyes
  7334 | Lair:1   | Found a runed gate.
  7334 | Lair:1   | Found a runed gate.
  7334 | Lair:1   | Found a runed gate.
  7345 | Lair:1   | Huge Dmg: 28 dmg
  7348 | Lair:1   | Huge Dmg: 12 dmg
  7350 | Lair:1   | Huge Dmg: 7 dmg
  7362 | Lair:1   | Huge Dmg: 24 dmg
  7375 | Lair:1   | Reached ***** piety under Nemelex Xobeh
  7376 | Lair:1   | Noticed nawrastar's ghost (journeyman GnTm)
  7399 | Lair:1   | Killed nawrastar's ghost
  7411 | Lair:1   | Got the ring of Division {Fire}
  7477 | Lair:1   | Huge Dmg: 10 dmg
  7483 | Lair:1   | Huge Dmg: 13 dmg
  7748 | Lair:1   | Huge Dmg: 15 dmg
  7754 | Lair:1   | Huge Dmg: 20 dmg
  7757 | Lair:1   | Huge Dmg: 13 dmg
  7757 | Lair:1   | Slain by a komodo dragon

Vault maps used:
D:1:      dpeg_arrival_simpleton_b, dk_noncrumbling_3, minmay_box_of_dots
D:2:      kennysheep_big_flooded_room, corexii_shack, nemelex_spade_bored_becter
D:3:      nicolae_gozag_cash_rules_everything_around_me
D:4:      serial_shops, shop, nicolae_shop_waterfront, shop_statue,
          kennysheep_mini
D:5:      regret_index_temple_of_mockery, elyvilon_altar_4, first_ration
D:6:      minmay_temple_entry_enclosed_plants, uniq_eustachio
D:7:      grunt_temple_overflow_gold_and_silver, lemuel_crystal_altar,
          chequers_temple_overflow_statue_of_worship,
          ebering_ghost_disaster_area
D:8:      cheibriados_altar_1, kiku_gazebo_pond_becter, blue_anna_alchemist,
          uniq_grum
D:9:      erik_lair_orcish_takeover, serial_co_window_serial, co_window_paths_a,
          co_window_paths_a, co_window_cross_1, co_window_paths_b,
          co_window_paths_a, co_window_corner_b, co_window_cross_4,
          co_window_of_opportunity_c, co_window_of_opportunity_b,
          co_window_corner_b, co_window_2corner, co_window_4corner_b,
          yredelemnul_altar_generic
D:10:     orc_david_3, lemuel_angel_altar
Lair:1:   gammafunk_ghost_icy

Skill      XL: |  1  2  3  4  5  6  7  8  9 10 11 |
---------------+----------------------------------+-----
Fighting       | 4 5 7 8 |  8.8
Dodging        | 3 4 5 |  5.6
Unarmed Combat | 4 5 6 7 8 9 10 11 | 11.8
Invocations    | 1 2 3 4 6 7 8 9 |  9.1
Armour         | 1 2 4 5 6 7 |  7.0
Stealth        | |  2.1

Action                   |  1- 3 |  4- 6 |  7- 9 | 10-12 || total
-------------------------+-------+-------+-------+-------++-------
Melee: Unarmed           |   117 |   228 |   336 |   273 ||   954
       Punch             |       |     3 |     7 |    12 ||    22
Evoke: Deck              |       |     1 |    12 |    13 ||    26
       Wand              |       |       |       |    10 ||    10
  Use: Scroll            |       |     5 |    14 |     3 ||    22
 Stab: Distracted        |       |       |       |     1 ||     1
  Eat: Chunk             |     6 |    18 |    12 |    41 ||    77
Armor: Chain mail        |   115 |   147 |   174 |   146 ||   582
Dodge: Dodged            |    82 |    86 |   109 |   104 ||   381

Table legend:
 A = Spawn XP
 B = Non-spawn XP
 C = Spawn XP percentage of total XP
 D = Spawn monster count
 E = Non-spawn monster count
 F = Spawn count percentage of total count
 G = Total turns spent on level
                    A         B        C        D         E        F      G
               +---------+---------+-------+---------+---------+-------+---------
         Total |       0 |   14706 |   0.0 |       0 |     261 |   0.0 |  7757
               +---------+---------+-------+---------+---------+-------+---------
           D:1 |       0 |      42 |   0.0 |       0 |      24 |   0.0 |   644
           D:2 |       0 |      93 |   0.0 |       0 |      29 |   0.0 |   906
           D:3 |       0 |     293 |   0.0 |       0 |      38 |   0.0 |   659
           D:4 |       0 |     708 |   0.0 |       0 |      18 |   0.0 |   700
           D:5 |       0 |     462 |   0.0 |       0 |      12 |   0.0 |   512
           D:6 |       0 |    1283 |   0.0 |       0 |      30 |   0.0 |   776
           D:7 |       0 |    1619 |   0.0 |       0 |      23 |   0.0 |   808
           D:8 |       0 |    1417 |   0.0 |       0 |      24 |   0.0 |   759
           D:9 |       0 |    4077 |   0.0 |       0 |      35 |   0.0 |  1495
          D:10 |       0 |     199 |   0.0 |       0 |       6 |   0.0 |    36
        Lair:1 |       0 |    4513 |   0.0 |       0 |      22 |   0.0 |   462
               +---------+---------+-------+---------+---------+-------+---------
